 Dungeon Crawl Stone Soup version 0.24-a0-114-g5d539f0 (console) character file.

Game seed: 6602153294469343169

16 Duffy the Sneak (level 2, 0/25 HPs)
             Began as a Naga Wizard on Feb 15, 2019.
             Killed from afar by an orc wizard (8 damage)
             ... with a magic dart
             ... on level 4 of the Dungeon.
             The game lasted 00:00:45 (260 turns).

Duffy the Sneak (Naga Wizard)                        Turns: 260, Time: 00:00:46

Health: 0/25       AC:  2    Str:  9    XL:     2   Next: 54%
Magic:  0/6        EV: 10    Int: 18    God:
Gold:   15         SH:  0    Dex:  9    Spells: 6/7 levels left

rFire    . . .     SeeInvis +   (no weapon)
rCold    . . .     Gourm    .   (no shield)
rNeg     . . .     Faith    +   a - +0 robe
rPois    +         Spirit   .   b - +0 hat
rElec    .         Reflect  .   c - +0 cloak
rCorr    .         Harm     .   (no gloves)
MR       .....                  (no barding)
Stlth    ++........             f - amulet of faith
HPRegen  0.08/turn              (no ring)
MPRegen  0.10/turn              (no ring)

@: very slow
A: large, see invisible, deformed body, poison resistance, slowness 2, slow
metabolism 1, spit poison 1, AC +0
a: Spit Poison


You were on level 4 of the Dungeon.
You were not hungry.

You visited 1 branch of the dungeon, and saw 4 of its levels.

You collected 15 gold pieces.

Inventory:

Armour
 a - a +0 robe (worn)
 b - a +0 hat (worn)
 c - a +0 cloak (worn)
Jewellery
 f - an amulet of faith (around neck)
Potions
 e - a potion of curing {unknown}
Comestibles
 d - a ration
 g - a chunk of flesh


   Skills:
 + Level 1.3 Fighting
 - Level 1.5 Dodging
 - Level 3.0 Stealth
 - Level 3.0 Spellcasting
 + Level 1.8 Conjurations
   Level 1.0 Summonings
   Level 1.0 Translocations


You had 6 spell levels left.
You knew the following spells:

 Your Spells              Type           Power        Failure   Level  Hunger
h - Magic Dart            Conj           #...         8%          1    None

Your spell library contained the following spells:

 Spells                   Type           Power        Failure   Level  Hunger
 Blink                    Tloc           N/A          16%         2    ##.....
 Call Imp                 Summ           #.......     16%         2    ##.....
 Slow                     Hex            #.......     24%         2    ##.....
 Conjure Flame            Conj/Fire      #.......     32%         3    ###....
 Mephitic Cloud           Conj/Pois/Air  #.......     36%         3    ###....


Dungeon Overview and Level Annotations

Branches:
Dungeon (4/15)
 Temple: D:4-7

Altars:


Innate Abilities, Weirdness & Mutations

You cannot wear boots.
Your serpentine skin is tough. (AC +0)
You have supernaturally acute eyesight. (SInv)
Armour fits poorly on your strangely shaped body.
Your system is resistant to poisons. (rPois)
You cover ground very slowly.
You have a slow metabolism.
You can spit poison.


Message History

The magic dart hits the orc wizard.
The orc wizard is lightly wounded.
The orc wizard mumbles some strange words.
The orc wizard blinks!
Cast which spell? (? or * to list)
Aiming: Magic Dart (safe; 8% risk of failure)
Press: ? - help, Shift-Dir - straight line, f/p - orc wizard
Aim: an orc wizard, wielding a +0 dagger and wearing a +0 robe (lightly wounded, fast)
The magic dart hits the orc wizard but does no damage.
The orc wizard is lightly wounded.
The orc wizard barely misses you.
Cast which spell? (? or * to list)
Aiming: Magic Dart (safe; 8% risk of failure)
Press: ? - help, Shift-Dir - straight line, f/p - orc wizard
Aim: an orc wizard, wielding a +0 dagger and wearing a +0 robe (lightly wounded, fast)
The magic dart hits the orc wizard but does no damage.
The orc wizard is lightly wounded.
The orc wizard casts a spell at you. The magic dart hits you!
You die...

######## #......# #......# ##
###############......############..
#.............'..@...'.....).%..'..
...############..o...####'#######..
...# #............# .. ...#
#............# .. ...#
#............# .. ...#
#............# h. ...#
###########+## hh ...# .. ...#


You could see an orc wizard.

Vanquished Creatures
  An adder (D:4)
  A dart slug (D:2)
  An orc (D:4)
  A goblin (D:1)
  A frilled lizard (D:4)
5 creatures vanquished.

Notes
Turn   | Place    | Note
-------+----------+-------------------------------------------
     0 | D:1      | Duffy the Naga Wizard began the quest for the Orb.
     0 | D:1      | Reached XP level 1. HP: 15/15 MP: 4/4
   208 | D:4      | Reached skill level 1 in Fighting
   208 | D:4      | Reached XP level 2. HP: 16/25 MP: 1/6
   260 | D:4      | Killed from afar by an orc wizard

Levels and vault maps discovered:
D:1:      nzn_arrival_crosshair, layout_basic, nemelex_diamond_rough_becter
D:2:      layout_basic, chequers_temple_overflow_statue_of_worship,
          minmay_tiny_reverse_x
D:3:      layout_basic, nicolae_ru_great_annihilating_truth, uniq_robin
D:4:      layout_basic, cheibrodos_sewer_entry_sluice

Skill      XL: |  1 |
---------------+----+-----
Fighting       | 1 |  1.3
Dodging        | |  1.5
Stealth        | |  3.0
Spellcasting   | |  3.0
Conjurations   | |  1.8
Summonings     | |  1.0
Translocations | |  1.0

Action                   || total
-------------------------++-------
 Cast: Magic Dart        ||    16
 Abil: Spit Poison       ||     6
Armor: Robe              ||     3
Dodge: Dodged            ||     3

Table legend:
 A = Non-vault XP
 B = Vault XP
 C = Vault XP percentage of total XP
 D = Non-vault monster count
 E = Vault monster count
 F = Vault count percentage of total count
                 A         B        C        D         E       F
            +---------+---------+-------+---------+---------+-------
      Total |      23 |       0 |   0.0 |       5 |       0 |   0.0
            +---------+---------+-------+---------+---------+-------
        D:1 |       2 |       0 |   0.0 |       1 |       0 |   0.0
        D:2 |       4 |       0 |   0.0 |       1 |       0 |   0.0
        D:4 |      17 |       0 |   0.0 |       3 |       0 |   0.0
            +---------+---------+-------+---------+---------+-------
